 Dungeon Crawl Stone Soup version 0.31-a0-426-g3a05650e59 (webtiles) character file.

Game seed: 12168439722674637798

18862 jt the Martial Artist (level 13, -2/99 HPs)
             Began as a Djinni Shapeshifter on July 30, 2023.
             Was an Initiate of Gozag.
             Slain by a demonic crawler (16 damage)
             ... on level 3 of the Lair of Beasts.
             The game lasted 00:50:45 (12776 turns).

jt the Martial Artist (Djinni Shapeshifter)        Turns: 12776, Time: 00:50:46

Health: -2/99      AC:  4    Str: 14    XL:     13   Next: 0%
Gold:   528        EV: 16    Int: 19    God:    Gozag SH: 13 Dex:  9

rFire   + +          .
                       - Unarmed
rCold   + . .        e - +3 buckler of the Guilds {Rampage rF- Int+3}
rNeg    . . .        o - +0 robe {rC+ rF+}
rPois   ∞            (helmet currently unavailable)
rElec   +            (cloak currently unavailable)
rCorr   +            (gloves currently unavailable)
SInv    .            (boots unavailable)
Will    +....        f - amulet of reflection
Stlth   ++           l - ring "Putyg" {rElec rC+ rCorr Int+3 Dex-5}
HPRegen 0.36/turn    C - +5 ring of evasion
MPRegen 0.00/turn

%: reflection, rampage, infuse magic (-3 HP)
@: beast-form, flying
A: beast (slay +2), flying, sickness immunity, fire resistance 2, cold
vulnerability 1, float, innate caster, HP casting, extra vitality 1, iridescent
scales 1, dopey 1, mutation resistance 1
a: Begin Untransformation, Renounce Religion, Potion Petition, Call Merchant,
Bribe Branch


You were on level 3 of the Lair of Beasts.
You worshipped Gozag.
Gozag was pleased with you.
You were a hulking beast.
You visited 3 branches of the dungeon, and saw 12 of its levels.
You also visited: Bailey.

You collected 2673 gold pieces.
You spent 660 gold pieces at shops.
You paid 1485 gold pieces to Gozag.

Inventory:

Hand Weapons
 b - a +0 sling
 p - a +0 arbalest
 q - a +3 dagger
 G - a +0 orcbow
 J - a +2 hand crossbow of draining
 L - a +4 vampiric short sword
 M - a +3 trident
 T - the +8 rapier of Xom's Envy {venom, rElec rPois rF++}
   (You found it on level 2 of the Lair of Beasts)

   rF:        It greatly protects you from fire.
   rElec:     It insulates you from electricity.
   rPois:     It protects you from poison.
Missiles
 r - 10 javelins
 y - 5 throwing nets
 A - 16 poisoned darts
 N - a curare-tipped dart
Armour
 e - the +3 buckler of the Guilds (worn) {Rampage rF- Int+3}
   (You acquired it on level 3 of the Dungeon)

   Int:       It affects your intelligence (+3).
   rF:        It makes you vulnerable to fire.
   Rampage:   It bestows one free step when moving towards enemies.
 m - a +0 chain mail
 o - a +0 robe of resistance (worn)
 v - a +0 pair of gloves
 w - the +1 leather armour of Ehiomete {rPois Int+2 Stlth-}
   (You found it on level 5 of the Dungeon)

   Int:       It affects your intelligence (+2).
   rPois:     It protects you from poison.
   Stlth:     It makes you less stealthy.
 I - a +3 chain mail
Jewellery
 f - an amulet of reflection (around neck)
 l - the ring "Putyg" (left hand) {rElec rC+ rCorr Int+3 Dex-5}
   (You acquired it on level 5 of the Dungeon)

   [ring of protection from cold]

   Int:       It affects your intelligence (+3).
   Dex:       It affects your dexterity (-5).
   rC:        It protects you from cold.
   rElec:     It insulates you from electricity.
   rCorr:     It protects you from acid and corrosion.
 s - a ring of protection from cold
 C - a +5 ring of evasion (right hand)
 E - a ring of positive energy
 K - an amulet of regeneration
 P - a ring of willpower
Talismans
 c - a beast talisman (active)
Wands
 t - a wand of digging (2)
 F - a wand of mindburst (7)
Scrolls
 a - 5 scrolls of teleportation
 d - a scroll of butterflies
 h - a scroll of identify
 i - a scroll of amnesia
 j - a scroll of immolation
 k - a scroll of brand weapon
 n - a scroll of enchant weapon
 x - a scroll of silence
 O - a scroll of vulnerability
 S - a scroll of enchant armour
Potions
 u - 3 potions of curing
 z - a potion of might
 B - 3 potions of attraction
 D - 3 potions of mutation
 H - a potion of haste
 Q - a potion of lignification
Miscellaneous
 R - a phantom mirror
 U - a piece from Xom's chessboard (15/15)
 V - a condenser vane (inert)


   Skills:
 + Level 11.0 Fighting
 - Level 2.0 Throwing
 - Level 2.4 Dodging
 - Level 2.0 Stealth
 - Level 6.0 Shields
 + Level 11.3 Unarmed Combat
 + Level 7.6 Spellcasting
 + Level 7.6 Conjurations
 + Level 7.6 Hexes
   Level 0.0 Charms
 + Level 7.6 Summonings
 + Level 7.6 Necromancy
 + Level 7.6 Translocations
 + Level 7.6 Transmutations
 + Level 7.6 Fire Magic
 + Level 7.6 Ice Magic
 + Level 7.6 Air Magic
 + Level 7.6 Earth Magic
 + Level 7.6 Poison Magic
 - Level 5.0 Evocations
 - Level 3.0 Shapeshifting


You knew the following spells:

 Your Spells              Type           Power      Damage    Failure   Level
a - Sting                 Tmut/Pois      100%       1d8       1%          1
b - Ensorcelled Hibernat  Hex/Ice        72%        N/A       1%          2
c - Mephitic Cloud        Conj/Pois/Air  36%        N/A       1%          3
d - Sticky Flame          Conj/Fire      36%        2d6       5%          4
e - Summon Lightning Spi  Summ/Air       36%        N/A       5%          4
f - Agony                 Necr           36%        N/A       14%         5
Your spell library was empty.

Dungeon Overview and Level Annotations

Branches:
Dungeon (8/15)             Temple (1/1) D:5            Lair (3/5) D:8
  Swamp (0/4) Lair:2       Bailey (visited)
  Snake: Lair:2-3    Spider: Lair:2-3

Altars:
Ashenzari
Cheibriados
Dithmenos
Elyvilon
Fedhas
Gozag
Hepliaklqana
Makhleb
Nemelex Xobeh
Okawaru
Qazlal
Ru
Trog
Uskayaw
Wu Jian
Yredelemnul
Zin
The Shining One

Shops:
D:4 [   D:5 !(   Lair:1 *   Lair:3 *


Innate Abilities, Weirdness & Mutations

You are a hulking beast.
Your limbs bulge with bestial killing power. (Slay +2)
You are flying.
You are immune to sickness and miasma.
You are immune to poison.
Your flesh is very heat resistant. (rF++)
You are vulnerable to cold. (rC-)
You float through the air rather than walking.
You learn spells naturally, not from books.
Your magical power is your life essence.
You have superior vitality. (+4 MHP)
You are partially covered in iridescent scales. (AC +2)
You are dopey. (Int -2)
You are somewhat resistant to further mutation.


Message History

An electric hum fills the air.
The demonic crawler burns!
The demonic crawler hits you! The demonic crawler closely misses you.
The demonic crawler hits you but does no damage.
The demonic crawler closely misses you. The demonic crawler hits you! x2
* * * LOW HITPOINT WARNING * * *
You feel much better.
The demonic crawler burns!
You block the demonic crawler's attack. The demonic crawler closely misses you.
The demonic crawler hits you!
The demonic crawler burns!
Your lightning spire shoots out a bolt of lightning at the demonic crawler!
The bolt of electricity hits the demonic crawler!
The bolt of electricity hits the death yak! x3
Unknown command.
Okay, then.
Okay, then.
Okay, then.
Okay, then.
Press: ? - help, v - describe, . - travel
Here: a demonic crawler (lightly wounded, not watching you, covered in liquid flames, ally target)
The floor.
Unknown command.
Okay, then.
Unknown command.
You feel better.
The demonic crawler burns!
The demonic crawler hits your lightning spire.
The demonic crawler hits your lightning spire!
The demonic crawler barely misses your lightning spire.
Your magical contamination has completely faded away.
Okay, then.
Clouds condense from the air!
The condenser dries out!
The demonic crawler burns!
The demonic crawler is engulfed in freezing vapours.
The demonic crawler hits you! The demonic crawler hits you.
The demonic crawler completely misses you.
The demonic crawler is engulfed in freezing vapours.
The demonic crawler hits you!!
* * * LOW HITPOINT WARNING * * *
The demonic crawler hits you!
You die...
Your body crumbles into a pile of gold.

............## ###..
...P.........##########.#..
..P.#####..................
..## ##.................. ..
#.§.................
##.Y.####PP.......... #.#Y##
#P...#.P..... ###s##
##...####.... #8h#
##..###...... ..
###<#####...P###..... .... ##
#...........##.#.....
.....#.##......^.............
.............................
.............................
.............................
............................∩
.............................


You could see 2 death yaks, a demonic crawler (burning, ally target) and a
friendly lightning spire (summoned).

Vanquished Creatures
  An eleionoma (Lair:2)
  A boulder beetle (Lair:1)
  2 black mambas
  5 cane toads
  A komodo dragon (Lair:1)
  2 rime drakes
  A troll (D:7)
  A hornet (Lair:2)
  10 blink frogs
  7 wyverns
  2 basilisks
  17 yaks
  2 steam dragons (D:8)
  8 water moccasins
  Duvessa (D:4)
  4 black bears
  A sky beast (D:8)
  4 orc warriors
  3 ice beasts
  An ogre (D:5)
  Pargi (D:3)
  28 wolves
  5 centaurs
  2 kobold brigands (D:8)
  Blork the orc (D:4)
  8 gnoll sergeants (Bailey)
  6 bullfrogs
  6 scorpions
  5 wights
  Dowan (D:4)
  4 killer bees
  A vampire bat (D:3)
  A howler monkey (D:8)
  4 hounds
  5 orc priests
  A jelly (D:7)
  2 sleepcaps
  9 gnoll boudas
  An iguana (D:4)
  3 orc wizards
  8 adders
  25 gnolls
  A shadow imp (D:5)
  4 white imps
  3 worms
  4 dart slugs
  3 fire bats (D:3)
  29 orcs
  2 spectral bats (D:3)
  13 bats
  3 bat skeletons (D:3)
  A bat zombie (D:3)
  3 endoplasms
  5 giant cockroaches
  11 goblins
  5 hobgoblins
  4 jackals (D:4)
  3 quokkas
  5 ball pythons
  A bat simulacrum (D:3)
  2 frilled lizards
  16 kobolds
  9 rats
328 creatures vanquished.

Vanquished Creatures (collateral kills)
  A black mamba (Lair:1)
1 creature vanquished.

Vanquished Creatures (others)
  A bullfrog (D:8)
  A kobold (D:8)
2 creatures vanquished.

Grand Total: 331 creatures vanquished

Notes
Turn   | Place    | Note
-------+----------+-------------------------------------------
     0 | D:1      | jt the Djinni Shapeshifter began the quest for the Orb.
     0 | D:1      | Reached XP level 1. HP: 17/17 MP: 0/0
    84 | D:1      | Reached skill level 1 in Stealth
   232 | D:1      | Reached XP level 2. HP: 22/22 MP: 0/0
   403 | D:1      | Found a faded altar of an unknown god.
   522 | D:1      | Reached XP level 3. HP: 27/27 MP: 0/0
   522 | D:1      | Learned a level 1 spell: Sting
  1039 | D:2      | Identified a scroll of acquirement
  1209 | D:2      | Identified the +0 pair of boots of Gozag's Condemnation
                  | {rF+ Will- rCorr}
  1396 | D:2      | Reached XP level 4. HP: 27/32 MP: 0/0
  1521 | D:2      | Reached skill level 1 in Spellcasting
  1521 | D:2      | Reached skill level 1 in Conjurations
  1521 | D:2      | Reached skill level 1 in Hexes
  1521 | D:2      | Reached skill level 1 in Summonings
  1521 | D:2      | Reached skill level 1 in Necromancy
  1521 | D:2      | Reached skill level 1 in Translocations
  1521 | D:2      | Reached skill level 1 in Transmutations
  1521 | D:2      | Reached skill level 1 in Fire Magic
  1521 | D:2      | Reached skill level 1 in Ice Magic
  1521 | D:2      | Reached skill level 1 in Air Magic
  1521 | D:2      | Reached skill level 1 in Earth Magic
  1521 | D:2      | Reached skill level 1 in Poison Magic
  2022 | D:3      | Reached XP level 5. HP: 30/37 MP: 0/0
  2022 | D:3      | Learned a level 2 spell: Ensorcelled Hibernation
  2129 | D:3      | Acquired the +3 buckler of the Guilds {Rampage rF- Int+3}
  2181 | D:3      | Reached XP level 6. HP: 43/43 MP: 0/0
  2276 | D:3      | Reached skill level 1 in Shields
  2288 | D:3      | Noticed Pargi
  2303 | D:3      | Killed Pargi
  3293 | D:4      | Noticed Blork the orc
  3328 | D:4      | Noticed Dowan
  3329 | D:4      | Found Eskuih's Armour Shoppe.
  3329 | D:4      | Noticed Duvessa
  3352 | D:4      | Reached XP level 7. HP: 23/49 MP: 0/0
  3352 | D:4      | Learned a level 3 spell: Mephitic Cloud
  3662 | D:4      | Killed Blork the orc
  3790 | D:5      | Entered Level 5 of the Dungeon
  3923 | D:4      | Gained mutation: You are dopey. (Int -2) [potion of
                  | mutation]
  3923 | D:4      | Gained mutation: You are partially covered in iridescent
                  | scales. (AC +2) [potion of mutation]
  3923 | D:4      | Gained mutation: You are somewhat resistant to further
                  | mutation. [potion of mutation]
  3947 | D:4      | Killed Duvessa
  3950 | D:4      | Killed Dowan
  3951 | D:4      | Reached XP level 8. HP: 26/55 MP: 0/0
  4234 | D:4      | Reached skill level 5 in Shields
  4338 | D:5      | Found Deofepal's Antique Weapon Emporium.
  4338 | D:5      | Found Icexzil's Distillery.
  4338 | D:5      | Found Cugiog's Book Emporium.
  4446 | D:5      | Identified the +1 leather armour of Ehiomete {rPois Int+2
                  | Stlth-}
  4696 | D:5      | Acquired the ring "Putyg" {rElec rC+ rCorr Int+3 Dex-5}
  4913 | D:5      | Bought a potion of might for 60 gold pieces
  4913 | D:5      | Bought a potion of heal wounds for 75 gold pieces
  4913 | D:5      | Bought a potion of attraction for 45 gold pieces
  4974 | D:5      | Found a staircase to the Ecumenical Temple.
  4986 | Temple   | Entered the Ecumenical Temple
  4997 | Temple   | Became a worshipper of Gozag Ym Sagoz the Greedy
  5147 | D:5      | Reached skill level 5 in Unarmed Combat
  5714 | D:6      | Reached XP level 9. HP: 39/63 MP: 0/0
  5714 | D:6      | Learned a level 4 spell: Sticky Flame
  6080 | D:6      | Reached skill level 5 in Fighting
  6982 | D:7      | Noticed a troll
  6995 | D:7      | Killed a troll
  6996 | D:7      | Reached XP level 10. HP: 53/73 MP: 0/0
  7619 | D:8      | Reached skill level 5 in Spellcasting
  7619 | D:8      | Reached skill level 5 in Conjurations
  7619 | D:8      | Reached skill level 5 in Hexes
  7619 | D:8      | Reached skill level 5 in Summonings
  7619 | D:8      | Reached skill level 5 in Necromancy
  7619 | D:8      | Reached skill level 5 in Translocations
  7619 | D:8      | Reached skill level 5 in Transmutations
  7619 | D:8      | Reached skill level 5 in Fire Magic
  7619 | D:8      | Reached skill level 5 in Ice Magic
  7619 | D:8      | Reached skill level 5 in Air Magic
  7619 | D:8      | Reached skill level 5 in Earth Magic
  7619 | D:8      | Reached skill level 5 in Poison Magic
  7643 | D:8      | Found a flagged portal.
  7652 | Bailey   | Entered a bailey
  7939 | Bailey   | Reached skill level 1 in Evocations
  8536 | D:8      | Found a staircase to the Lair.
  8943 | D:8      | Reached XP level 11. HP: 69/81 MP: 0/0
  8943 | D:8      | Learned a level 4 spell: Summon Lightning Spire
  9411 | Lair:1   | Entered Level 1 of the Lair of Beasts
 10518 | Lair:1   | Reached skill level 5 in Evocations
 10617 | Lair:1   | Found a burning altar of Makhleb.
 10638 | Lair:1   | Bought a phantom mirror for 480 gold pieces
 10690 | Lair:1   | Reached skill level 10 in Unarmed Combat
 10690 | Lair:1   | Reached XP level 12. HP: 86/90 MP: 0/0
 10725 | Lair:1   | Noticed a boulder beetle
 10736 | Lair:1   | Killed a boulder beetle
 10742 | Lair:1   | Reached skill level 1 in Throwing
 11279 | Lair:2   | Reached skill level 10 in Fighting
 11448 | Lair:2   | Identified the +8 rapier of Xom's Envy {venom, rElec rPois
                  | rF++}
 11669 | Lair:2   | Noticed an eleionoma
 11681 | Lair:2   | Killed an eleionoma
 11873 | Lair:2   | Found a staircase to the Swamp.
 12727 | Lair:3   | Reached XP level 13. HP: 93/99 MP: 0/0
 12727 | Lair:3   | Learned a level 5 spell: Agony
 12776 | Lair:3   | Slain by a demonic crawler

Illustrated notes

Levels and vault maps discovered:
D:1:      shiori_arrival_maze, layout_loops_ring,
          shapermc_ecumenical_altar_hornbeckon, kennysheep_small_spiral
D:2:      layout_basic, minmay_misc_feat_iff
D:3:      layout_loops_corners, goddamned_bats, uniq_pargi
D:4:      layout_rooms, serial_shops, shop, uniq_blork_the_orc, uniq_duvessa
D:5:      layout_basic, temple_hall, nicolae_shop_distant_corner_stores
D:6:      layout_basic
D:7:      layout_basic, minmay_misc_feat_rugged, kennysheep_generic_room_4
D:8:      minmay_bubble_buster, layout_basic, grunt_lair_entry_orc_guard_hut,
          enter_bailey_5
Temple:   regret_index_temple_sigil_plot
Lair:1:   layout_chaotic_city, basic_altar, grunt_megastairs_4
Lair:2:   layout_hall_layers, alex1729_swamp_entry_worm_eleionoma
Lair:3:   layout_chaotic_city, nicolae_spider_entry_non_spiders

Skill      XL: |  1  2  3  4  5  6  7  8  9 10 11 12 |
---------------+-------------------------------------+-----
Stealth        | 1 2 |  2.0
Spellcasting   | 2 3 4 5 6 7 |  7.6
Conjurations   | 2 3 4 5 6 7 |  7.6
Hexes          | 2 3 4 5 6 7 |  7.6
Summonings     | 2 3 4 5 6 7 |  7.6
Necromancy     | 2 3 4 5 6 7 |  7.6
Translocations | 2 3 4 5 6 7 |  7.6
Transmutations | 2 3 4 5 6 7 |  7.6
Fire Magic     | 2 3 4 5 6 7 |  7.6
Ice Magic      | 2 3 4 5 6 7 |  7.6
Air Magic      | 2 3 4 5 6 7 |  7.6
Earth Magic    | 2 3 4 5 6 7 |  7.6
Poison Magic   | 2 3 4 5 6 7 |  7.6
Fighting       | 2 4 6 8 9 11 | 11.0
Shapeshifting  | 3 |  3.0
Shields        | 3 4 5 6 |  6.0
Unarmed Combat | 4 5 7 8 10 11 | 11.3
Evocations     | 2 5 |  5.0
Throwing       | 2 |  2.0
Dodging        | |  2.4

Action                     |  1- 3 |  4- 6 |  7- 9 | 10-12 | 13-15 || total
---------------------------+-------+-------+-------+-------+-------++-------
  Melee: Unarmed           |    77 |   111 |   318 |   505 |     2 ||  1013
         Punch             |     1 |       |       |       |       ||     1
   Fire: Sling             |       |       |     8 |       |       ||     8
  Throw: Stone             |     7 |       |       |       |       ||     7
         Dart              |       |       |     5 |    22 |       ||    27
         Javelin           |       |       |       |     2 |       ||     2
   Cast: Sting             |    14 |    45 |    67 |   155 |       ||   281
         Mephitic Cloud    |       |       |    12 |    78 |       ||    90
         Sticky Flame      |       |       |     2 |    17 |     1 ||    20
         Summon Lightning  |       |       |       |     1 |     3 ||     4
 Invoke: Call Merchant     |       |       |       |     2 |       ||     2
  Evoke: Wand              |       |       |       |     2 |       ||     2
         Condenser vane    |       |       |       |       |     1 ||     1
    Use: Scroll            |     4 |     5 |     4 |     3 |       ||    16
         Potion            |       |     4 |     4 |     3 |     2 ||    13
   Stab: Sleeping          |     3 |     3 |     2 |     1 |       ||     9
         Distracted        |     1 |       |     1 |       |       ||     2
         Confused          |       |       |     4 |    27 |       ||    31
 Armour: Animal skin       |     8 |       |       |       |       ||     8
         Robe              |       |    60 |    14 |     9 |     1 ||    84
         Skin              |       |     2 |    21 |     9 |       ||    32
         Leather armour    |       |       |    39 |    21 |       ||    60
  Dodge: Dodged            |    39 |   132 |   182 |   218 |     8 ||   579
  Block: Buckler           |       |    40 |   122 |   238 |     4 ||   404
         Reflection        |       |       |       |     3 |       ||     3

Table legend: (Time is in decaauts)
 A = Elapsed time spent in this place.
 B = Non-inter-level travel time spent in this place.
 C = Inter-level travel time spent in this place.
 D = Time resting spent in this place.
 E = Time spent auto-exploring this place.
 F = Levels seen in this place.
 G = Mean time per level.
                   A        B        C        D        E       F      G
               +--------+--------+--------+--------+--------+-----+--------+
         Total |  12684 |  12183 |    501 |   2978 |   4863 |  13 |  975.7 |
       Dungeon |   8868 |   8470 |    398 |   1950 |   3966 |   8 | 1108.5 |
        Temple |     18 |     18 |      0 |      4 |      0 |   1 |   18.0 |
          Lair |   3012 |   2909 |    103 |    923 |    807 |   3 | 1004.0 |
        Bailey |    785 |    785 |      0 |    101 |     90 |   1 |  785.0 |
               +--------+--------+--------+--------+--------+-----+--------+

Top non-repeatable levels by time:
  Lair:1: 1601 daAuts
     D:3: 1458 daAuts
     D:8: 1388 daAuts
     D:7: 1233 daAuts
  Lair:2: 1181 daAuts
     D:4: 1136 daAuts
     D:5: 1135 daAuts
     D:1: 1036 daAuts
  Bailey: 785 daAuts
     D:2: 776 daAuts
     D:6: 704 daAuts
  Lair:3: 228 daAuts
  Temple: 18 daAuts
